 Dungeon Crawl Stone Soup version 0.25-a0-36-g303dd5b1f4 (webtiles) character file.

Game seed: 5200665376729436155, levelgen mode: deterministic

126 Heliosone the Ducker (level 4, -4/35 HPs)
             Began as a Demonspawn Gladiator on Oct 20, 2019.
             Slain by an orc priest
             ... wielding a +0 falchion
              (6 damage)
             ... on level 6 of the Dungeon.
             The game lasted 00:05:31 (2479 turns).

Heliosone the Ducker (Demonspawn Gladiator)         Turns: 2479, Time: 00:05:32

Health: -4/35      AC:  7    Str: 15    XL:     4   Next: 83%
Magic:  4/4        EV: 12    Int:  9    God:
Gold:   92         SH:  0    Dex: 15    Spells: 3/3 levels left

rFire    . . .     SeeInvis .   (no weapon)
rCold    . . .     Gourm    .   (no shield)
rNeg     . . .     Faith    .   l - +0 ring mail
rPois    .         Spirit   .   n - +1 helmet
rElec    .         Reflect  .   (no cloak)
rCorr    .         Harm     .   (no gloves)
MR       .....                  (no boots)
Stlth    +.........             (no amulet)
HPRegen  0.11/turn              (no ring)
MPRegen  0.09/turn              (no ring)

@: no status effects
A: claws 1
a: no special abilities


You were on level 6 of the Dungeon.
You were not hungry.

You visited 1 branch of the dungeon, and saw 4 of its levels.

You collected 92 gold pieces.

Inventory:

Hand Weapons
 a - a +0 trident
Missiles
 d - 3 throwing nets (quivered)
Armour
 b - a +0 leather armour
 c - a +0 helmet
 l - a +0 ring mail (worn)
 n - a +1 helmet (worn)
Jewellery
 i - an uncursed ring of wizardry {unknown}
Wands
 r - a wand of flame (18)
Scrolls
 h - a scroll of noise {unknown}
 k - a scroll of fear {unknown}
 o - a scroll of enchant armour {unknown}
 q - 2 scrolls of identify {unknown}
 s - a scroll of blinking {unknown}
Potions
 e - 2 potions of brilliance {unknown}
 g - a potion of resistance {unknown}
 j - a potion of might {unknown}
 m - a potion of curing {unknown}
Comestibles
 f - 2 rations


   Skills:
 + Level 3.2 Fighting
 - Level 2.6 Polearms
 - Level 1.7 Throwing
 - Level 2.0 Armour
 + Level 3.6 Dodging
 + Level 0.4 Unarmed Combat


You had 3 spell levels left.
You didn't know any spells.
Your spell library was empty.

Dungeon Overview and Level Annotations

Branches:
Dungeon (3/15)

Altars:
Hepliaklqana


Innate Abilities, Weirdness & Mutations

You have sharp fingernails.


Message History

The orc priest barely misses you.
You scratch the orc priest.
The orc priest is heavily wounded.
The orc priest hits you but does no damage.
You barely miss the orc priest.
The orc priest is heavily wounded.
The orc priest invokes the aid of Beogh against you.
Pain shoots through your body!
You are too injured to fight recklessly!
You are too injured to fight recklessly!
You are too injured to fight recklessly!
You closely miss the orc priest.
The orc priest is heavily wounded.
The orc priest calls down the wrath of Beogh upon you.
Beogh smites you!
* * * LOW HITPOINT WARNING * * *
You scratch the orc priest.
The orc priest is severely wounded.
The orc priest hits you with a +0 falchion.
You die...

#.# #.# #.# #.#
#.####.########
#.............#
######.###.####
############.# #.#
........@o...# #.# #.#
############.# #.# #o# #.#
#.# #o# ### #.# #.# #.#
#.# #.# #.# ############.#
#.# #............#
#.###########.############


You could see an orc priest.

Vanquished Creatures
  5 adders
  An ooze (D:6)
  3 worms
  5 leopard geckos
  A ball python (D:1)
  2 giant cockroaches (D:2)
  8 goblins
  7 hobgoblins
  9 jackals
  3 kobolds
  A quokka (D:2)
  7 bats
  3 frilled lizards
  5 rats
60 creatures vanquished.

Notes
Turn   | Place    | Note
-------+----------+-------------------------------------------
     0 | D:1      | Heliosone the Demonspawn Gladiator began the quest for the
                  | Orb.
     0 | D:1      | Reached XP level 1. HP: 16/16 MP: 1/1
   305 | D:1      | Gained mutation: You have sharp fingernails. [demonic
                  | ancestry]
   305 | D:1      | Reached XP level 2. HP: 21/22 MP: 2/2
   584 | D:1      | Reached skill level 1 in Armour
  1058 | D:2      | Reached XP level 3. HP: 11/28 MP: 3/3
  1533 | D:2      | Reached XP level 4. HP: 29/34 MP: 4/4
  1827 | D:2      | Found a hazy altar of Hepliaklqana.
  2396 | D:3      | You fall into a shaft and drop 3 floors!
  2422 | D:6      | Noticed an orc warrior
  2479 | D:6      | Slain by an orc priest

Levels and vault maps discovered:
D:1:      co_arrival_square_in_a_square_in_a_square, layout_basic
D:2:      layout_basic, nicolae_overflow_crystal_walls
D:3:      layout_basic, okawaru_gym_becter, lemuel_round_altar,
          makhleb_altar_promises_db, first_ration
D:6:      layout_basic, grunt_dithmenos_shadows, serial_shops, kennysheep_mini

Skill      XL: |  1  2  3  4 |
---------------+-------------+-----
Dodging        | 3 |  3.6
Armour         | 1 2 |  2.0
Fighting       | 3 |  3.2
Polearms       | |  2.6
Throwing       | |  1.7
Unarmed Combat | |  0.4

Action                   |  1- 3 |  4- 6 || total
-------------------------+-------+-------++-------
Melee: Trident           |   121 |    85 ||   206
       Unarmed           |       |    44 ||    44
 Stab: Sleeping          |     1 |       ||     1
  Eat: Chunk             |     2 |     3 ||     5
Armor: Leather armour    |     9 |       ||     9
       Ring mail         |    24 |    42 ||    66
Dodge: Dodged            |    74 |    64 ||   138

Table legend:
 A = Non-vault XP
 B = Vault XP
 C = Vault XP percentage of total XP
 D = Non-vault monster count
 E = Vault monster count
 F = Vault count percentage of total count
                 A         B        C        D         E       F
            +---------+---------+-------+---------+---------+-------
      Total |     180 |       0 |   0.0 |      60 |       0 |   0.0
            +---------+---------+-------+---------+---------+-------
        D:1 |      37 |       0 |   0.0 |      19 |       0 |   0.0
        D:2 |     114 |       0 |   0.0 |      36 |       0 |   0.0
        D:3 |      22 |       0 |   0.0 |       4 |       0 |   0.0
        D:6 |       7 |       0 |   0.0 |       1 |       0 |   0.0
            +---------+---------+-------+---------+---------+-------
